Match 46690251
Unlisted

Match 46690251
End
Pioneer Squad
Construct Infanterie Kompanie
Selects Terror Battlegroup
Selects Machine Gun Camouflage
MG 42 Machine Gun Team
Grenadier Squad
Grenadier Squad
Infanterie Officer Quarters
Grenadier Squad
Selects Interrogate
Construct Panzergrenadier Kompanie
Medical Bunker
Pak 40 Anti-tank Gun Team
Support Elements
Nebelwerfer 42 Rocket Launcher Team
Panzergrenadier Officer Quarters
Medical Station
Selects Defend the Fatherland
StuG III G Assault Gun
StuG III G Assault Gun
Nebelwerfer 42 Rocket Launcher Team
StuG III G Assault Gun
StuG III G Assault Gun
Pioneer Squad
Medical Bunker
Selects King Tiger Heavy Tank
Selects Propaganda Leaflet Drop
King Tiger Heavy Tank
Pak 40 Anti-tank Gun Team
Pak 40 Anti-tank Gun Team
Selects V1 Rocket Strike
AI Takeover
TrueSlayer
l3401044
xxl
Don Pitudo
老年抖枪术
dantas
0
0

Comments sign in to comment!

No comments posted yet!